AoeStats
← xeniltildor

Lombardia

510156334Analyzed
4v4 RM · 4d ago on Sep 29, 2026· 47m 17s· 8 players
Game mode
Random Map
Map size
Large (8 player)
Population
200
Speed
Normal
Resources
Standard
Victory
Conquest
Starting age
Dark Age
Ending age
Imperial Age
RankedLock teamsTeams togetherTeam positionsShared explorationLock speedFull tech treeHidden civsTurbo modeCheats
Victory
Defeat
🇺🇸 Goths · United States
1029
+14
🇧🇷 Saxons · Brazil
1009
+14
🇨🇴 Huns · Colombia
1005
+15
🇲🇽 Wei · Mexico
939
+17
🇩🇪 Portuguese · Germany
1024
-17
🇩🇪 Romans · Germany
989
-16
🇳🇴 Goths · Norway
949
-14
🇨🇿 Burgundians · Czechia
932
-39
GermanWolf7
0:49 Loom
13:59 Feudal Age
15:22 Double-Bit Axe
19:58 Castle Age
22:35 Wheelbarrow
22:16 Bow Saw
22:02 Gold Mining
22:00 Horse Collar
35:19 Imperial Age
33:52 Squires
34:08 Forging
34:04 Scale Barding Armor
38:20 Iron Casting
44:36 Pikeman
xeniltildor
11:33 Feudal Age
16:43 Castle Age
15:49 Double-Bit Axe
15:47 Horse Collar
18:08 Bow Saw
18:28 Heavy Plow
29:34 Imperial Age
28:08 Wheelbarrow
27:32 Gold Mining
27:32 Stone Mining
30:53 Stone Shaft Mining
30:42 Conscription
29:42 Elite Organ Gun
30:16 Fletching
30:27 Padded Archer Armor
33:01 Ballistics
33:41 Chemistry
32:40 Bodkin Arrow
34:36 Leather Archer Armor
34:28 Bracer
34:21 Pikeman
34:46 Arson
35:56 Ring Archer Armor
44:33 Halberdier
Solo
6:09 Loom
9:21 Feudal Age
9:58 Double-Bit Axe
11:15 Wheelbarrow
12:11 Horse Collar
14:15 Gold Mining
19:46 Castle Age
20:03 Scale Mail Armor
20:07 Stone Mining
21:09 Forging
22:39 Bow Saw
24:14 Squires
25:00 Heavy Plow
28:06 Pikeman
29:38 Man-at-Arms
31:08 Elite Skirmisher
32:51 Long Swordsman
34:38 Hand Cart
36:30 Town Watch
37:15 Caravan
38:09 Ballistics
39:40 Anarchy
48:32 Imperial Age
f3ng3l_cz
11:53 Feudal Age
10:16 Loom
11:39 Double-Bit Axe
11:46 Double-Bit Axe
11:52 Horse Collar
20:43 Castle Age
20:38 Padded Archer Armor
20:39 Fletching
21:42 Elite Skirmisher
22:31 Cavalier
24:00 Husbandry
46:38 Imperial Age
marcobecerrap
11:19 Feudal Age
12:41 Wheelbarrow
11:52 Double-Bit Axe
15:44 Castle Age
15:05 Stone Mining
14:58 Horse Collar
15:47 Gold Mining
18:39 Loom
25:48 Bow Saw
27:04 Hand Cart
29:54 Gold Shaft Mining
29:55 Stone Shaft Mining
32:49 Imperial Age
30:14 Fletching
30:37 Town Watch
30:54 Padded Archer Armor
31:04 Bodkin Arrow
31:48 Forging
31:44 Scale Barding Armor
32:06 Leather Archer Armor
31:56 Heavy Plow
32:53 Thumb Ring
33:53 Iron Casting
34:25 Conscription
37:26 Ballistics
38:33 Blast Furnace
37:53 Chain Barding Armor
38:09 Ballistics
38:20 Ming Guang Armor
37:56 Tuntian
39:44 Caravan
40:20 Bracer
40:51 Ring Archer Armor
40:22 Scale Mail Armor
41:42 Town Patrol
43:05 Parthian Tactics
45:22 Chain Mail Armor
47:29 Chemistry
46:32 Squires
46:17 Arson
46:56 Devotion
Co-Yeyo
1:17 Loom
11:31 Feudal Age
15:47 Castle Age
14:01 Double-Bit Axe
13:56 Horse Collar
15:39 Gold Mining
21:25 Fletching
23:34 Bodkin Arrow
24:46 Padded Archer Armor
24:52 Scale Barding Armor
25:58 Leather Archer Armor
27:04 Thumb Ring
29:59 Chain Barding Armor
31:27 Husbandry
32:16 Wheelbarrow
32:24 Caravan
32:45 Bloodlines
31:57 Light Cavalry
32:35 Stone Mining
33:22 Gold Shaft Mining
34:49 Bow Saw
34:40 Heavy Plow
37:13 Imperial Age
35:00 Hand Cart
36:10 Ballistics
36:18 Masonry
36:21 Forging
37:17 Hussar
38:20 Atheism
38:24 Conscription
38:30 Fervor
38:35 Bracer
39:11 Plate Barding Armor
39:15 Iron Casting
39:12 Parthian Tactics
39:59 Marauders
40:43 Guilds
41:04 Coinage
40:50 Elite Tarkan
42:12 Heavy Cavalry Archer
44:47 Blast Furnace
47:40 Scale Mail Armor
merdup
3:02 Loom
13:59 Feudal Age
21:53 Castle Age
20:03 Double-Bit Axe
22:49 Horse Collar
29:04 Caravan
28:52 Pikeman
33:41 Heavy Plow
33:46 Scale Mail Armor
33:57 Forging
34:58 Wheelbarrow
35:28 Chain Mail Armor
35:36 Anarchy
36:11 Town Watch
37:03 Iron Casting
37:15 Hand Cart
37:59 Squires
41:06 Imperial Age
41:11 Bow Saw
42:58 Chemistry
42:02 Perfusion
42:23 Conscription
41:24 Elite Huskarl
42:59 Crop Rotation
44:25 Two-Man Saw
45:18 Blast Furnace
NeverArabia
7:54 Loom
10:15 Feudal Age
17:06 Castle Age
16:18 Double-Bit Axe
20:09 Wheelbarrow
20:15 Gambesons
21:50 Horse Collar
23:52 Heavy Plow
31:09 Imperial Age
29:04 Gold Mining
29:04 Stone Mining
31:33 Caravan
31:28 Treadmill Crane
32:11 Ballistics
32:52 Chemistry
32:05 Forging
31:55 Scale Mail Armor
31:51 Fletching
31:51 Gambesons
32:06 Squires
34:12 Conscription
36:43 Iron Casting
36:23 Chain Mail Armor
36:07 Bodkin Arrow
35:39 Shield Wall
37:24 Bow Saw
37:20 Arson
39:06 Elite Hearth Troop
40:08 Hand Cart
40:50 Scale Barding Armor
40:46 Bracer
40:37 Town Watch
41:27 Bloodlines
41:18 Husbandry
40:38 Light Cavalry
42:23 Chain Barding Armor
42:15 Siege Engineers
42:08 Hussar
45:46 Elite Varangian Guard
47:23 Plate Mail Armor
47:26 Crop Rotation
Connection lost

Rejoining the realm…

Still unreachable

The connection could not be restored.

Session expired

The server has moved on; the page needs a fresh start.